 Dungeon Crawl Stone Soup version 0.28-a0-1213-g0243856f03 (webtiles) character file.

Game seed: 11420416501215085568

172 mcbry74 the Chopper (level 5, -16/42 HPs)
             Began as a Hill Orc Gladiator on Dec 21, 2021.
             Killed from afar by Ijyb (19 damage)
             ... with a bolt of acid
             ... on level 4 of the Dungeon.
             The game lasted 00:05:49 (2572 turns).

mcbry74 the Chopper (Hill Orc Gladiator)            Turns: 2572, Time: 00:05:49

Health: -16/42     AC:  4    Str: 19    XL:     5   Next: 53%
Magic:  4/4        EV: 12    Int:  8    God:
Gold:   77         SH:  0    Dex: 12    Spells: 4/4 levels left

rFire   . . .      SeeInvis +   a - +0 war axe
rCold   . . .      Faith    .   (no shield)
rNeg    . . .      Spirit   .   b - +0 leather armour
rPois   .          Reflect  .   f - +0 helmet
rElec   .          Harm     .   (no cloak)
rCorr   .          Rampage  .   (no gloves)
Will    .....      Clarity  +   (no boots)
Stlth   +.........              (no amulet)
HPRegen 0.14/turn               j - ring of flight
MPRegen 0.09/turn               (no ring)

@: flying
A: see invisible, clarity, low mp 1
a: no special abilities


You were on level 4 of the Dungeon.
You visited 1 branch of the dungeon, and saw 4 of its levels.

You collected 77 gold pieces.

Inventory:

Hand Weapons
 a - a +0 war axe (weapon)
Missiles
 d - 3 throwing nets
 g - 8 poisoned darts (quivered)
 i - 48 sling bullets
Armour
 b - a +0 leather armour (worn)
 c - a +0 helmet
 f - a +0 helmet (worn)
Jewellery
 j - a ring of flight (left hand)
Scrolls
 h - a scroll of identify {unknown}
 l - a scroll of blinking {unknown}
 m - a scroll of fog {unknown}
 n - a scroll of holy word {unknown}
Potions
 e - a potion of mutation
 k - a potion of degeneration {unknown}
 o - a potion of brilliance {unknown}
 p - a potion of curing {unknown}


   Skills:
 - Level 2.4 Fighting
 * Level 6.3(7.0) Axes
 + Level 2.5(4.2) Maces & Flails
 + Level 2.5(4.2) Polearms
 - Level 1.7 Throwing
 - Level 2.4 Dodging


You had 4 spell levels left.
You didn't know any spells.
Your spell library contained the following spells:

 Spells                   Type           Power      Damage    Failure   Level
 Animate Skeleton         Necr           0%         N/A       45%         1
 Apportation              Tloc           0%         N/A       45%         1
 Slow                     Hex            0%         N/A       45%         1
 Summon Small Mammal      Summ           0%         N/A       45%         1
 Call Canine Familiar     Summ           0%         N/A       83%         3
 Confusing Touch          Hex            0%         N/A       83%         3
 Summon Guardian Golem    Hex/Summ       0%         N/A       83%         3
 Vampiric Draining        Necr           0%         2d6       83%         3


Dungeon Overview and Level Annotations

Branches:
Dungeon (4/15)
 Temple: D:4-7

Altars:

Annotations:
D:4 Ijyb


Innate Abilities, Weirdness & Mutations

You have supernaturally acute eyesight. (SInv)
You possess an exceptional clarity of mind.
Your magical capacity is low. (-10% MP)


Message History

Ijyb the Twisted Goblin comes into view.
She is wielding a +0 dagger, wearing a +2 ring mail of poison resistance and carrying a wand of acid (12).
Ijyb shouts!
Ijyb zaps a wand.
The bolt of acid misses you.
You closely miss Ijyb. Ijyb hits you but does no damage.
You hit Ijyb.
Ijyb is lightly wounded.
Ijyb hits you but does no damage. Ijyb hits you with a +0 dagger.
You closely miss Ijyb.
Ijyb is lightly wounded.
Ijyb hits you with a +0 dagger.
You completely miss Ijyb.
Ijyb is lightly wounded.
Ijyb zaps a wand.
The bolt of acid hits you!!
Ouch! That really hurt!
* * * LOW HITPOINT WARNING * * *
You barely miss Ijyb.
Ijyb is lightly wounded.
Ijyb hits you but does no damage.
You completely miss Ijyb.
Ijyb is lightly wounded.
Ijyb closely misses you.
You barely miss Ijyb.
Ijyb is lightly wounded.
Ijyb hits you but does no damage.
You closely miss Ijyb.
Ijyb is lightly wounded.
Ijyb barely misses you.
You hit Ijyb but do no damage.
Ijyb is lightly wounded.
Ijyb hits you with a +0 dagger.
* * * LOW HITPOINT WARNING * * *
Ijyb barely misses you.
You closely miss Ijyb.
Ijyb is lightly wounded.
Ijyb hits you with a +0 dagger.
* * * LOW HITPOINT WARNING * * *
You closely miss Ijyb.
Ijyb is lightly wounded.
Ijyb zaps a wand.
The bolt of acid hits you!!
You die...

#...###.....##.########
#...# ##.##..>.........
####.####
#.#####.####.#.#
#.......# #.......#
#.##.##.# #########
#.......# #.....#
..##.#..####.....# ...
#.#.....g.....# ..
#.##.####@....# #
.....# #.....# ....##
####### #.#.#g # #...
###. #.


You could see Ijyb.

Vanquished Creatures
  An orc priest (D:3)
  A hound (D:3)
  An orc wizard (D:3)
  2 adders
  An adder skeleton (D:4)
  3 worms
  2 dart slugs
  4 orcs
  4 bats
  3 endoplasms
  4 goblins
  6 hobgoblins
  2 jackals (D:2)
  2 quokkas (D:2)
  6 ball pythons
  4 frilled lizards
  5 kobolds
  A rat (D:2)
52 creatures vanquished.

Notes
Turn   | Place    | Note
-------+----------+-------------------------------------------
     0 | D:1      | mcbry74 the Hill Orc Gladiator began the quest for the Orb.
     0 | D:1      | Reached XP level 1. HP: 18/18 MP: 1/1
   263 | D:1      | Reached XP level 2. HP: 25/25 MP: 2/2
   279 | D:2      | Reached skill level 1 in Maces & Flails
   279 | D:2      | Reached skill level 1 in Polearms
   400 | D:2      | Reached XP level 3. HP: 13/30 MP: 3/3
   585 | D:2      | Reached skill level 5 in Axes
  1061 | D:3      | Reached XP level 4. HP: 34/37 MP: 4/4
  1488 | D:3      | Gained mutation: You have supernaturally acute eyesight.
                  | (SInv) [potion of mutation]
  1488 | D:3      | Gained mutation: Your magical capacity is low. (-10% MP)
                  | [potion of mutation]
  1488 | D:3      | Gained mutation: You possess an exceptional clarity of
                  | mind. [potion of mutation]
  2099 | D:3      | Reached XP level 5. HP: 21/42 MP: 4/4
  2103 | D:3      | Reached skill level 6 in Axes
  2552 | D:4      | Noticed Ijyb
  2572 | D:4      | Killed from afar by Ijyb

Illustrated notes

Levels and vault maps discovered:
D:1:      ncdulo_smallfort, layout_basic, ebering_ecumenical_altar_webs
D:2:      layout_rooms, hangedman_feature_mirror
D:3:      layout_basic
D:4:      layout_loops_cross, serial_shops, nicolae_stop_n_shop_1, uniq_ijyb

Skill      XL: |  1  2  3  4  5 |
---------------+----------------+-----
Maces & Flails | 1 2 |  2.5
Polearms       | 1 2 |  2.5
Axes           | 5 6 |  6.3
Fighting       | |  2.4
Throwing       | |  1.7
Dodging        | |  2.4

Action                   |  1- 3 |  4- 6 || total
-------------------------+-------+-------++-------
Melee: War axe           |    87 |    67 ||   154
Throw: Dart              |     2 |     4 ||     6
  Use: Potion            |       |     1 ||     1
Armor: Leather armour    |    32 |    14 ||    46
Dodge: Dodged            |    62 |    43 ||   105

Table legend: (Time is in decaauts)
 A = Elapsed time spent in this place.
 B = Non-inter-level travel time spent in this place.
 C = Inter-level travel time spent in this place.
 D = Time resting spent in this place.
 E = Time spent auto-exploring this place.
 F = Levels seen in this place.
 G = Mean time per level.
                   A        B        C        D        E       F      G
               +--------+--------+--------+--------+--------+-----+--------+
         Total |   2604 |   2544 |     60 |    757 |   1292 |   4 |  651.0 |
       Dungeon |   2604 |   2544 |     60 |    757 |   1292 |   4 |  651.0 |
               +--------+--------+--------+--------+--------+-----+--------+

Top non-repeatable levels by time:
     D:3: 1544 daAuts
     D:2: 711 daAuts
     D:1: 271 daAuts
     D:4: 77 daAuts
